 Dungeon Sprint DCSS version 0.17-a0-1763-g847a857 (webtiles) character file.

1647 KambridgeKobold the Grappler (level 8, -4/88 HPs)
             Began as a Troll Monk on Sept 5, 2015.
             Was a Follower of Ru.
             Slain by a demonic crawler (11 damage)
             ... in the Dungeon (Sprint I: "Red Sonja").
             The game lasted 00:06:29 (350 turns).

KambridgeKobold the Grappler (Troll Monk)            Turns: 350, Time: 00:06:29

Health: -4/88      AC:  7    Str: 26    XL:     8   Next: 67%
Magic:  7/7        EV: 14    Int:  8    God:    Ru [*.....]
Gold:   356        SH:  2    Dex: 12    Spells: 0 memorised, 7 levels left

rFire  . . .     SeeInvis .       - Unarmed
rCold  . . .     Clarity  .     j - +0 robe of the Desert {+Inv rCorr Str+4}
rNeg   . . .     SustAt   .     (no shield)
rPois  .         Gourm    +     (helmet restricted)
rElec  .         Spirit   .     (no cloak)
rCorr  +         Warding  .     (gloves unavailable)
rMut   .         NoTele   +     (boots unavailable)
MR     .....                    (no amulet)
Stlth  +.........               (no ring)
                                (no ring)

@: exhausted, no scrolls, very slightly contaminated, hasted and slowed, not
resistant to hostile enchantments, very unstealthy
A: unfitting armour, claws 3, large bone plates 1, deterioration 1, fast
metabolism 3, gourmand, regeneration 2, screaming 1, shaggy fur 1, strong 1,
tough skin 2, inability to read while threatened
a: Renounce Religion, Evoke Invisibility


You were in the Dungeon.
You worshipped Ru.
Ru was aware of your devotion.
You were very hungry.

You visited 1 branch You collected 470 gold pieces.
You spent 114 gold pieces at shops.

Inventory:

Hand weapons
 g - a +1 antimagic dagger
Armour
 a - a +0 robe
 j - the +0 robe of the Desert (worn) {+Inv rCorr Str+4}
   (You bought it in a shop in the Dungeon)

   It affects your strength (+4).
   It lets you turn invisible.
   It protects you from acid and corrosion.
Magical devices
 d - a wand of digging (14)
Scrolls
 h - a scroll of blinking
Potions
 c - a potion of curing
 f - 2 potions of magic
Comestibles
 b - 2 bread rations


   Skills:
 + Level 8.0 Fighting
 + Level 9.6 Dodging
 - Level 1.1 Stealth
 + Level 13.6 Unarmed Combat


You had 7 spell levels left.
You didn't know any spells.

Dungeon Overview and Level Annotations

Branches:
Dungeon (1/1)

Altars:
Cheibriados
Dithmenos
Elyvilon
Fedhas
Gozag
Kikubaaqudgha
Makhleb
Nemelex Xobeh
Okawaru
Qazlal
Ru
Sif Muna
Trog
Vehumet
Xom
Yredelemnul
Zin
The Shining One
Jiyva

Shops:
D [


Innate Abilities, Weirdness & Mutations

You are too large for most types of armour.
You have claws for hands.
Your metabolism is lightning-fast.
You like to eat raw meat.
You heal very quickly.
You are covered in fur (AC +1).
You have very tough skin (AC +2).
You cannot read scrolls while threatened.
You are partially covered in large bone plates (AC +2, SH +2).
Your body sometimes deteriorates upon taking damage.
You occasionally shout uncontrollably at your foes.
Your muscles are strong. (Str +2)


Message History

Use which ability?
Okay, then.
Unknown command.
Drink which item? (? for menu, Esc to quit)
You feel yourself speed up. The demonic crawler barely misses you.
The demonic crawler barely misses you. The demonic crawler misses you.
The demonic crawler hits you.
* * * LOW HITPOINT WARNING * * *
The demonic crawler closely misses you. The demonic crawler hits you!
* * * LOW HITPOINT WARNING * * *
You are very lightly contaminated with residual magic.
You barely miss the demonic crawler.
The demonic crawler is lightly wounded.
The demonic crawler closely misses you.
The demonic crawler hits you but does no damage.
The demonic crawler closely misses you.
You scratch the demonic crawler.
The demonic crawler is lightly wounded.
The demonic crawler hits you!
You die...

##################
.#.)'..#__#..')..#
.'..#..'^.'..#[..##+#
'#####'#__####..@ss.#
.#...#(#### #####..+
##..##.# ## _##'#..+
..'..._# _##_.#'#
_###+#(# ## ###


You could see 2 demonic crawlers.

Vanquished Creatures
  2 kobold demonologists (D)
  2 demonic crawlers (D)
  A slime creature (D)
  Sigmund (D)
  A yak (D)
  An ogre (D)
  Ijyb (D)
  A jelly (D)
  A giant eyeball (D)
11 creatures vanquished.

Notes
Turn   | Place    | Note
--------------------------------------------------------------
     0 | D        | KambridgeKobold the Troll Monk began the quest for the Orb.
     0 | D        | Reached XP level 1. HP: 22/22 MP: 0/0
     1 | D        | Noticed Ijyb
    11 | D        | Killed Ijyb
    11 | D        | Reached skill level 5 in Unarmed Combat
    11 | D        | Reached XP level 2. HP: 24/31 MP: 1/1
    24 | D        | Noticed an ogre
    30 | D        | Killed an ogre
    30 | D        | Reached skill level 7 in Unarmed Combat
    30 | D        | Reached XP level 3. HP: 4/40 MP: 2/2
    30 | D        | Reached XP level 4. HP: 4/49 MP: 3/3
   110 | D        | Noticed Sigmund
   114 | D        | Killed Sigmund
   114 | D        | Reached skill level 5 in Fighting
   114 | D        | Reached skill level 5 in Dodging
   114 | D        | Reached skill level 9 in Unarmed Combat
   114 | D        | Reached XP level 5. HP: 52/59 MP: 4/4
   114 | D        | Reached XP level 6. HP: 59/67 MP: 5/5
   127 | D        | Found a deep blue altar of Sif Muna.
   128 | D        | Noticed a jelly
   129 | D        | Found a radiant altar of Vehumet.
   132 | D        | Killed a jelly
   132 | D        | Reached skill level 10 in Unarmed Combat
   152 | D        | Found Hyekh's Antique Armour Emporium.
   152 | D        | Found a white marble altar of Elyvilon.
   152 | D        | Found a stormy altar of Qazlal.
   152 | D        | Found a basalt altar of Yredelemnul.
   152 | D        | Found an iron altar of Okawaru.
   152 | D        | Found a sparkling altar of Nemelex Xobeh.
   152 | D        | Found a shimmering altar of Xom.
   152 | D        | Found an ancient bone altar of Kikubaaqudgha.
   152 | D        | Noticed a yak
   153 | D        | Found a burning altar of Makhleb.
   153 | D        | Found a sacrificial altar of Ru.
   153 | D        | Found a glowing golden altar of the Shining One.
   153 | D        | Found an opulent altar of Gozag.
   153 | D        | Found a glowing silver altar of Zin.
   160 | D        | Killed a yak
   160 | D        | Reached skill level 11 in Unarmed Combat
   161 | D        | Found a bloodstained altar of Trog.
   165 | D        | Bought an ancient robe for 114 gold pieces
   175 | D        | Identified the +0 robe of the Desert {+Inv rCorr Str+4} (You bought it in a shop in the Dungeon)
   191 | D        | Became a worshipper of Ru the Awakened
   204 | D        | Gained mutation: You cannot read scrolls while threatened. [Ru sacrifice]
   204 | D        | Acquired Ru's first power
   205 | D        | Found a viscous altar of Jiyva.
   205 | D        | Found a blossoming altar of Fedhas.
   205 | D        | Noticed a slime creature
   206 | D        | Found a snail-covered altar of Cheibriados.
   206 | D        | Found a shadowy altar of Dithmenos.
   214 | D        | Killed a slime creature
   214 | D        | Reached XP level 7. HP: 32/78 MP: 6/6
   313 | D        | Noticed a kobold demonologist
   314 | D        | Gained mutation: You are partially covered in large bone plates (AC +2, SH +2). [potion of mutation]
   314 | D        | Gained mutation: You occasionally shout uncontrollably at your foes. [potion of mutation]
   314 | D        | Gained mutation: Your body sometimes deteriorates upon taking damage. [potion of mutation]
   315 | D        | Gained mutation: Your muscles are strong. (Str +2) [potion of mutation]
   316 | D        | Noticed a kobold demonologist
   319 | D        | Killed a kobold demonologist
   319 | D        | Reached skill level 12 in Unarmed Combat
   319 | D        | Paralysed by a giant eyeball for 2 turns
   322 | D        | Noticed an orange demon
   329 | D        | Killed a kobold demonologist
   329 | D        | Reached skill level 13 in Unarmed Combat
   329 | D        | Reached XP level 8. HP: 87/87 MP: 7/7
   336 | D        | Noticed a demonic crawler
   336 | D        | Noticed a demonic crawler
   336 | D        | Noticed a demonic crawler
   336 | D        | Noticed a demonic crawler
   341 | D        | Killed a demonic crawler
   345 | D        | Killed a demonic crawler
   350 | D        | Slain by a demonic crawler

Vault maps used:
D:        dungeon_sprint_1

Action                   |  1- 3 |  4- 6 |  7- 9 || total
-------------------------+-------+-------+-------++-------
Melee: Unarmed           |    12 |    18 |    21 ||    51
Invok: Sacrifice Words   |       |     1 |       ||     1
Evoke: Wand              |       |     1 |       ||     1
  Use: Potion            |     1 |       |     4 ||     5
 Stab: Sleeping          |       |     1 |       ||     1
